 Dungeon Crawl Stone Soup version 0.20.0-8-g6b59dc7 (webtiles) character file.

4570 Lavandula the Martial Artist (level 10, 76/79 HPs)
             Began as a Demonspawn Abyssal Knight on June 1, 2017.
             Was an Elder of Lugonu.
             Quit the game on level 10 of the Dungeon.
             The game lasted 00:40:10 (15096 turns).

Lavandula the Martial Artist (DsAK)                Turns: 15096, Time: 00:40:11

Health: 76/79      AC:  9    Str: 13    XL:     10   Next: 18%
Magic:  11/11      EV: 14    Int: 14    God:    Lugonu [****..]
Gold:   307        SH:  0    Dex: 15    Spells: 9/9 levels left

rFire    . . .     SeeInvis .     - Unarmed
rCold    . . .     Gourm    .   (no shield)
rNeg     . . .     Faith    .   H - +3 ring mail
rPois    .         Spirit   +   (helmet restricted)
rElec    .         Reflect  .   (no cloak)
rCorr    .         Harm     .   (no gloves)
MR       .....                  (no boots)
Stlth    +.........             (no amulet)
Regen    0.3/turn               (no ring)
MPRegen  0.2/turn               (no ring)

@: studying Fighting
A: antennae 2, claws 1, demonic guardian 1, magic shield
a: Depart the Abyss, Bend Space, Banish, Corrupt, Renounce Religion


You were on level 10 of the Dungeon.
You worshipped Lugonu.
Lugonu was greatly pleased with you.
You were hungry.

You visited 2 branches of the dungeon, and saw 11 of its levels.
You visited the Abyss 1 time.
You also visited: Bailey.

You collected 307 gold pieces.

Inventory:

Hand Weapons
 a - a +1 mace
Missiles
 m - 185 stones
 u - 3 throwing nets
 J - 3 tomahawks (quivered)
Armour
 b - a +0 leather armour
 g - a +0 helmet
 q - the +1 robe of Peek-a-Boo {rF+ Int+5}
   (You found it on level 4 of the Dungeon)

   It affects your intelligence (+5).
   It protects you from fire.
 G - a +3 plate armour
 H - a +3 ring mail (worn)
Wands
 d - a wand of random effects (13/48)
 k - a wand of confusion (0/48)
 t - a wand of clouds (0/9)
 F - a wand of polymorph (0/24)
Scrolls
 e - a scroll of remove curse
 h - a scroll of random uselessness {unknown}
 i - 2 scrolls of teleportation {unknown}
 j - 2 scrolls of immolation {unknown}
 n - a scroll of enchant armour {unknown}
 p - 2 scrolls of amnesia {unknown}
 r - 2 scrolls of blinking {unknown}
 y - a scroll of fear {unknown}
 A - 4 scrolls of magic mapping
 D - 2 scrolls of enchant weapon
Potions
 l - a potion of haste
 o - a potion of lignification
 v - a potion of agility {unknown}
 w - 2 potions of invisibility
 x - a potion of magic {unknown}
 z - a potion of mutation
 C - a potion of experience {unknown}
 K - a potion of brilliance
Books
 s - a manual of Fighting
 B - a manual of Fighting
Comestibles
 c - 7 bread rations
 f - 2 meat rations
 E - 4 royal jellies
 I - 2 chunks of flesh


   Skills:
 + Level 7.5 Fighting
 - Level 2.4 Maces & Flails
 - Level 6.4 Armour
 - Level 5.6 Dodging
 - Level 9.2 Unarmed Combat
 - Level 2.4 Invocations
 - Level 2.4 Evocations


You had 9 spell levels left.
You didn't know any spells.

Dungeon Overview and Level Annotations

Branches:
Dungeon (10/15)            Temple (1/1) D:6
   Lair: D:8-11         Orc: D:9-12

Altars:
Ashenzari
Cheibriados
Dithmenos
Elyvilon
Fedhas
Gozag
Hepliaklqana
Kikubaaqudgha
Makhleb
Nemelex Xobeh
Okawaru
Qazlal
Ru
Sif Muna
Trog
Uskayaw
Vehumet
Xom
Yredelemnul
Zin
The Shining One

Shops:
D:6 :   D:7 }

Annotations:
D:4 2 transporters, Dowan; Duvessa; Menkaure; ciphuk's ghost, novice DDFi


Innate Abilities, Weirdness & Mutations

You have a pair of antennae on your head.
You have sharp fingernails.
A weak demonic guardian rushes to your aid.
When hurt, damage is shared between your health and your magic reserves.


Message History

The bullfrog is almost dead.
The bullfrog hits you.
You closely miss the bullfrog.
The bullfrog is almost dead.
The bullfrog hits you but does no damage.
You closely miss the bullfrog. Your claw misses the bullfrog.
The bullfrog is almost dead.
The bullfrog misses you.
The bullfrog hits you but does no damage.
You claw the bullfrog!
You kill the bullfrog!
Lugonu accepts your kill.
No target in view!
You see here a bullfrog corpse.
You butcher the bullfrog corpse.
I - 2 chunks of flesh Search for what [Enter for "blink", or ? for help]? distort Can't find anything matching that.
Unknown command.
Are you sure you want to abandon this character and quit the game? (Confirm with "yes".)

#..# ######
####..#
###.....## #
#........## ..
.....##...# ...
..######..###
.... ..#
#....#######..#
..#
#......#......#
..#
#........@....#
.##
##..#.........#
## #..#.........#
#..##..<........
...##...........
....###.$.......#
..... #........#.
##.......# #.....


There were no monsters in sight!

Vanquished Creatures
  A hippogriff (D:7)
  Sigmund (D:3)
  A yak (D:7)
  2 sky beasts
  2 ice beasts (D:7)
  6 orc warriors (Bailey)
  4 phantoms
  A necrophage (D:9)
  4 centaurs
  An ogre (D:5)
  A wolf (Bailey)
  A big kobold (D:10)
  7 bullfrogs
  A scorpion (D:7)
  A killer bee (Bailey)
  4 howler monkeys
  A crimson imp (D:5)
  A centaur zombie (D:10)
  3 jellies
  7 orc priests
  4 hounds
  4 orc wizards
  An iguana (D:6)
  4 worker ants
  A hound skeleton (D:4)
  A worker ant zombie (D:9)
  14 gnolls
  15 adders
  3 shadow imps
  An adder zombie (D:8)
  2 adder skeletons
  A worm (D:3)
  5 dart slugs
  3 leopard geckos
  30 orcs
  7 bats
  9 giant cockroaches
  7 goblins
  2 hobgoblins (D:1)
  6 jackals
  5 quokkas
  5 frilled lizards
  A jackal zombie (D:5)
  14 kobolds
  A quokka skeleton (D:5)
  10 rats
206 creatures vanquished.

Vanquished Creatures (collateral kills)
  2 yaks (D:7)
  An orc warrior (Bailey)
  4 bullfrogs
  2 orc priests
  An orc wizard (D:8)
  A hound skeleton (D:4)
  An adder (D:3)
  A leopard gecko (D:8)
  6 orcs (D:3)
19 creatures vanquished.

Grand Total: 225 creatures vanquished

Notes
Turn   | Place    | Note
-------+----------+-------------------------------------------
     0 | Abyss:1  | Lavandula the Demonspawn Abyssal Knight began the quest for the Orb.
     0 | Abyss:1  | Reached XP level 1. HP: 18/18 MP: 2/2
    48 | Abyss:1  | Noticed a neqoxec
    49 | D:1      | Escaped the Abyss
   311 | D:1      | Gained mutation: You have sharp fingernails. [demonic ancestry]
   311 | D:1      | Reached XP level 2. HP: 24/24 MP: 3/3
   456 | D:1      | Reached * piety under Lugonu
   738 | D:1      | Reached skill level 1 in Unarmed Combat
  1570 | D:2      | Reached XP level 3. HP: 17/29 MP: 4/4
  1738 | D:2      | Reached skill level 2 in Unarmed Combat
  2367 | D:2      | Gained mutation: A weak demonic guardian rushes to your aid. [demonic ancestry]
  2367 | D:2      | Reached XP level 4. HP: 30/35 MP: 5/5
  2669 | D:2      | Reached skill level 3 in Unarmed Combat
  3131 | D:2      | Reached ** piety under Lugonu
  3671 | D:3      | Gained mutation: You have a pair of small antennae on your head. [demonic ancestry]
  3671 | D:3      | Reached XP level 5. HP: 28/41 MP: 6/6
  3941 | D:3      | Reached skill level 4 in Unarmed Combat
  4109 | D:3      | Noticed Sigmund
  4122 | D:3      | Killed Sigmund
  4122 | D:3      | Reached skill level 5 in Unarmed Combat
  4122 | D:3      | Gained mutation: You have a pair of antennae on your head. [demonic ancestry]
  4122 | D:3      | Reached XP level 6. HP: 47/47 MP: 7/7
  5101 | D:3      | Reached skill level 6 in Unarmed Combat
  5648 | D:3      | Found a burning altar of Makhleb.
  5650 | D:3      | Found a bloodstained altar of Trog.
  5650 | D:3      | Found a shimmering altar of Xom.
  5652 | D:3      | Found a glowing golden altar of the Shining One.
  5652 | D:3      | Found a hazy altar of Hepliaklqana.
  5652 | D:3      | Found a hide-covered altar of Uskayaw.
  5782 | D:3      | Reached XP level 7. HP: 30/52 MP: 8/8
  5986 | D:4      | Found a transporter.
  5992 | D:4      | Noticed Menkaure
  6009 | D:4      | Noticed ciphuk's ghost (novice DDFi)
  6265 | D:3      | Reached *** piety under Lugonu
  6549 | D:4      | Found a transporter.
  6629 | D:3      | Reached skill level 7 in Unarmed Combat
  6828 | D:4      | Got a steaming robe
  6834 | D:5      | Entered Level 5 of the Dungeon
  6939 | D:4      | Noticed Duvessa
  6939 | D:4      | Noticed Dowan
  8096 | D:5      | Reached skill level 8 in Unarmed Combat
  8096 | D:5      | Reached XP level 8. HP: 53/58 MP: 9/9
  8549 | D:5      | Reached skill level 1 in Evocations
  9002 | D:6      | Reached skill level 1 in Dodging
  9220 | D:6      | Found a staircase to the Ecumenical Temple.
  9334 | D:6      | Identified the +1 robe of Peek-a-Boo {rF+ Int+5} (You found it on level 4 of the Dungeon)
  9551 | D:6      | Found Axibosil's Book Shop.
  9598 | Temple   | Entered the Ecumenical Temple
 10200 | D:7      | Found a shattered altar of Ashenzari.
 10309 | D:7      | Found a radiant altar of Vehumet.
 10311 | D:7      | Found a hide-covered altar of Uskayaw.
 10346 | D:7      | Reached skill level 5 in Dodging
 10820 | D:7      | Found Pijexed's Gadget Shop.
 10898 | D:7      | Reached XP level 9. HP: 47/64 MP: 10/10
 11271 | D:7      | Reached skill level 5 in Armour
 12205 | D:8      | Found a flagged portal.
 12308 | Bailey   | Entered a bailey
 12802 | Bailey   | Reached **** piety under Lugonu
 13225 | Bailey   | Reached skill level 9 in Unarmed Combat
 13906 | Bailey   | Noticed an orc knight
 14370 | D:8      | Found an ancient bone altar of Kikubaaqudgha.
 14371 | D:8      | Noticed a purple ugly thing
 14421 | D:8      | Gained mutation: When hurt, damage is shared between your health and your magic reserves. [demonic ancestry]
 14421 | D:8      | Reached XP level 10. HP: 61/73 MP: 11/11
 14447 | D:8      | Reached skill level 5 in Fighting
 14790 | D:9      | Found a blossoming altar of Fedhas.
 14904 | D:9      | Noticed a two-headed ogre
 14944 | D:10     | Entered Level 10 of the Dungeon
 14944 | D:10     | Found a radiant altar of Vehumet.
 15096 | D:10     | Quit the game

Skill      XL: |  1  2  3  4  5  6  7  8  9 10 |
---------------+-------------------------------+-----
Maces & Flails | 2 |  2.4
Unarmed Combat | 1 2 3 5 6 8 9 |  9.2
Evocations     | 2 |  2.4
Dodging        | 5 |  5.6
Armour         | 2 6 |  6.4
Fighting       | 4 7 |  7.5
Invocations    | |  2.4

Action                   |  1- 3 |  4- 6 |  7- 9 | 10-12 || total
-------------------------+-------+-------+-------+-------++-------
Melee: Mace              |    58 |       |       |       ||    58
       Unarmed           |    70 |   205 |   491 |    91 ||   857
       Punch             |       |     5 |    20 |     1 ||    26
Throw: Stone             |     4 |     6 |    13 |       ||    23
       Tomahawk          |       |       |    23 |     1 ||    24
Invok: Depart the Abyss  |     1 |       |       |       ||     1
       Bend Space        |       |     1 |     1 |       ||     2
Evoke: Wand              |       |     1 |    10 |     3 ||    14
  Use: Potion            |       |     1 |     1 |       ||     2
       Scroll            |       |       |     8 |     4 ||    12
 Stab: Sleeping          |     1 |       |       |       ||     1
       Confused          |       |     2 |       |       ||     2
       Distracted        |       |       |     2 |       ||     2
  Eat: Chunk             |     4 |    11 |    28 |     1 ||    44
Armor: Leather armour    |    42 |    30 |     1 |       ||    73
       Ring mail         |       |       |    91 |    22 ||   113
       Plate armour      |       |       |    34 |       ||    34
       Skin              |       |       |    15 |       ||    15
Dodge: Dodged            |    85 |    93 |   244 |    60 ||   482
